 Dungeon Crawl Stone Soup version 0.31-a0-435-g2c6fae2916 (webtiles) character file.

Game seed: 5328266190216506190

76079 tilp the Unseen (level 15, 0/120 HPs)
             Began as a Vampire Enchanter on Aug 1, 2023.
             Was the Champion of Wu Jian.
             Engulfed by a cloud of freezing vapour (9 damage)
             ... in an ice cave.
             The game lasted 01:01:08 (27023 turns).

tilp the Unseen (Vampire Enchanter)                Turns: 27023, Time: 01:01:09

Health: 0/120      AC: 15    Str:  7    XL:     15   Next: 11%
Magic:  28/28      EV: 23    Int: 30    God:    Wu Jian [******]
Gold:   2176       SH:  5    Dex: 19    Spells: 17/32 levels left

rFire   + + .        a - +6 dagger
rCold   + . .        x - +0 buckler
rNeg    . . .        b - +2 robe {rC+ rF+}
rPois   +            B - +2 hat {Will+}
rElec   +            O - +2 cloak {rF+}
rCorr   .            Y - +2 pair of gloves {hurl}
SInv    +            E - +1 pair of boots "Zalemapn" {Dex+2}
Will    ++...        m - amulet of magic regeneration
Stlth   ++++++       D - ring "Taxkiuk" {*Slow rElec rPois Int+4 Dex+3}
HPRegen 0.60/turn    j - +5 ring of evasion
MPRegen 0.61/turn

%: slow self (1%)
@: healing quickly
A: alive, fangs 3, see invisible, vampiric 2
a: Exsanguinate, Renounce Religion, Wall Jump, Serpent's Lash, Heavenly Storm


You were in an ice cave.
You worshipped Wu Jian.
Wu Jian was exalted by your worship.
You visited 4 branches of the dungeon, and saw 19 of its levels.
You also visited: Sewer, Bailey, Ice Cave and Volcano.

You collected 2176 gold pieces.

Inventory:

Hand Weapons
 a - a +6 dagger (weapon)
Missiles
 g - 8 boomerangs
 k - 35 poisoned darts (quivered)
Armour
 b - a +2 robe of resistance (worn)
 i - a scarf of resistance
 t - the +3 ring mail of Exkaob {rPois Str+3 Int+3 Stlth+}
   (You found it on level 6 of the Dungeon)

   Str:       It affects your strength (+3).
   Int:       It affects your intelligence (+3).
   rPois:     It protects you from poison.
   Stlth:     It makes you more stealthy.
 x - a +0 buckler (worn)
 B - a +2 hat of willpower (worn)
 E - the +1 pair of boots "Zalemapn" (worn) {Dex+2}
   (You found it in a bailey)

   Dex:       It affects your dexterity (+2).
 O - a +2 cloak of fire resistance (worn)
 Y - a +2 pair of gloves of hurling (worn)
Jewellery
 j - a +5 ring of evasion (right hand)
 m - an amulet of magic regeneration (around neck)
 D - the ring "Taxkiuk" (left hand) {*Slow rElec rPois Int+4 Dex+3}
   (You found it in a bailey)

   [ring of poison resistance]

   Int:       It affects your intelligence (+4).
   Dex:       It affects your dexterity (+3).
   rElec:     It insulates you from electricity.
   rPois:     It protects you from poison.
   *Slow:     It may slow you when you take damage.
 Z - a ring of flight
Wands
 l - a wand of iceblast (7)
 s - a wand of charming (6)
 v - a wand of digging (4)
 V - a wand of flame (15)
Scrolls
 e - 9 scrolls of teleportation
 f - 5 scrolls of immolation
 n - a scroll of blinking
 q - 4 scrolls of fear
 u - 5 scrolls of silence
 I - a scroll of torment
 L - a scroll of vulnerability
 N - 2 scrolls of fog
Potions
 c - 3 potions of invisibility
 d - 6 potions of brilliance
 h - 6 potions of attraction
 p - 4 potions of heal wounds
 w - 3 potions of enlightenment
 z - 7 potions of haste
 G - 4 potions of curing
 H - 3 potions of might
 J - 3 potions of cancellation
 T - a potion of magic
Miscellaneous
 C - a phantom mirror (inert)


   Skills:
 * Level 12.1 Fighting
 - Level 10.0 Short Blades
 + Level 7.1 Armour
 + Level 10.1 Dodging
 + Level 15.1 Stealth
 + Level 0.5 Shields
 + Level 9.0 Spellcasting
 + Level 2.2 Conjurations
 * Level 12.3 Hexes
 + Level 4.1 Necromancy
 + Level 2.4 Ice Magic
 + Level 8.1 Evocations


You had 17 spell levels left.
You knew the following spells:

 Your Spells              Type           Power      Damage    Failure   Level
a - Ensorcelled Hibernat  Hex/Ice        100%       N/A       1%          2
b - Confusing Touch       Hex            73%        N/A       1%          3
c - Tukima's Dance        Hex            73%        N/A       1%          3
d - Dazzling Flash        Conj/Hex       100%       N/A       1%          3
e - Anguish               Hex/Necr       29%        N/A       2%          4

Your spell library contained the following spells:

 Spells                   Type           Power      Damage    Failure   Level
 Static Discharge         Conj/Air       40%        2-4/arc   6%          2
 Airstrike                Air            6%         2d(1-17)  54%         4
 Summon Lightning Spire   Summ/Air       13%        N/A       54%         4
 Iskenderun's Battlesphe  Conj           26%        2d8       58%         5
 Leda's Unmaking          Conj/Erth      10%        9d2       99%         6
 Spellforged Servitor     Conj/Summ      10%        N/A       100%        7


Dungeon Overview and Level Annotations

Branches:
Dungeon (11/15)            Temple (1/1) D:7            Lair (5/5) D:9
  Swamp (0/4) Lair:3       Spider (0/4) Lair:3        Slime (0/5) Lair:4
    Orc (2/2) D:10            Elf (0/3) Orc:2         Sewer (visited)
 Bailey (visited)           IceCv (1/1)             Volcano (visited)

Altars:
Ashenzari
Cheibriados
Dithmenos
Fedhas
Gozag
Hepliaklqana
Kikubaaqudgha
Makhleb
Nemelex Xobeh
Okawaru
Qazlal
Ru
Sif Muna
Trog
Uskayaw
Vehumet
Wu Jian
Xom
Yredelemnul

Shops:
D:6 =

Annotations:
Lair:4 1 runed translucent door


Innate Abilities, Weirdness & Mutations

Your natural rate of healing is accelerated.
You have razor-sharp teeth.
You have supernaturally acute eyesight. (SInv)
You are afflicted with vampirism and can become a bat while bloodless.


Message History

* * * LOW HITPOINT WARNING * * *
The ice beast hits you but does no damage.
The ice beast misses you.
Aiming: Iceblast
Press: ? - help, Shift-Dir - straight line, p - ice statue The mass of ice explodes!
The iceblast engulfs the ice statue.
The ice statue partially resists.
The ice statue is almost destroyed.
You are engulfed in freezing vapours.
You resist.
* * * LOW HITPOINT WARNING * * *
The ice beast misses you. x2; The ice beast hits you.
* * * LOW HITPOINT WARNING * * *
The ice beast freezes you. You resist.
* * * LOW HITPOINT WARNING * * *
Unknown command.
Unknown command.
Unknown command.
Aiming: Iceblast
Press: ? - help, Shift-Dir - straight line The mass of ice explodes!
The iceblast engulfs the ice statue!
The ice statue partially resists.
The ice statue is almost destroyed.
You are engulfed in freezing vapours.
You resist.
* * * LOW HITPOINT WARNING * * *
You block the ice beast's attack. The ice statue gestures at you.
The shard of ice misses you. The ice beast completely misses you.
The ice beast barely misses you.
Unknown command.
Unknown command.
Unknown command.
Aiming: Iceblast
Press: ? - help, Shift-Dir - straight line The mass of ice explodes!
The iceblast engulfs the ice statue.
The ice statue partially resists.
You destroy the ice statue!
The Council accepts your kill.
The ice beast disappears in a puff of smoke! x3
You are engulfed in freezing vapours.
You resist.
You die...

...###.....## ..##
##...##
..8#########. .##
...))# ##.. ..##
.....# #...# #...#
..#### #...####....
### #......°○.# #
### #...°.°○.# #
###.## #.^.@§^#
#####....#####...§##
.#....##...#.##...#
....######..[..(.##
##### ##)##.###
######


There were no monsters in sight!

Vanquished Creatures
  A fire dragon (Volcano)
  The ghost of Flugkiller the Fighter, a journeyman DsSh of Uskayaw (D:11)
  A catoblepas (Lair:5)
  4 hydras
  A boulder beetle (Lair:4)
  A two-headed ogre (D:11)
  10 death yaks (Lair:5)
  2 skysharks (Lair:5)
  Sonja (D:10)
  A necromancer (IceCv)
  5 lindwurms
  A deep elf pyromancer (Bailey)
  4 orc knights
  An ugly thing (IceCv)
  An orc sorcerer (Orc:1)
  A will-o-the-wisp (Lair:3)
  16 elephants
  3 manticores
  A cyclops (D:11)
  4 black mambas
  Maurice (D:10)
  An ice statue (IceCv)
  Joseph (D:10)
  A smoke demon (Volcano)
  A torpor snail (Lair:4)
  4 rime drakes
  Maggie (D:6)
  10 cane toads
  10 komodo dragons
  An unseen horror (D:11)
  An anaconda simulacrum (IceCv)
  4 freezing wraiths
  13 ice devils (IceCv)
  6 trolls
  11 polar bears
  Prince Ribbit (D:8)
  3 raiju (Lair:5)
  5 dream sheep (Lair:5)
  15 blink frogs
  2 dire elephant simulacra (IceCv)
  Sigmund (D:5)
  2 wraiths (D:11)
  4 wyverns
  3 basilisks
  3 death yak simulacra (IceCv)
  58 yaks
  7 steam dragons (Volcano)
  A redback (Lair:3)
  Edmund (D:6)
  2 harpy simulacra (IceCv)
  Menkaure (D:7)
  8 wargs
  2 swamp worms (D:9)
  32 water moccasins
  16 hell hounds
  A hydra simulacrum (IceCv)
  17 orc warriors
  16 black bears
  3 sky beasts
  28 wolves
  2 ogres (D:6)
  8 centaurs
  3 phantoms
  2 kobold brigands
  Blork the orc (D:4)
  12 bullfrogs
  A scorpion (D:5)
  A gnoll sergeant (D:7)
  3 cane toad simulacra (IceCv)
  2 wights
  6 elephant simulacra (IceCv)
  5 killer bees (D:11)
  An electric eel (D:8)
  2 lava snakes (D:9)
  4 howler monkeys
  A jelly (D:6)
  A gnoll bouda (D:6)
  6 hounds
  13 orc priests
  Crazy Yiuf (D:7)
  An iguana (D:5)
  5 sleepcaps
  13 orc wizards
  2 troll simulacra (IceCv)
  5 polar bear simulacra (IceCv)
  2 spriggan simulacra (IceCv)
  3 wolf simulacra (IceCv)
  6 gnolls
  25 adders
  A white imp (IceCv)
  An ufetubus (D:3)
  A dart slug (D:1)
  52 orcs
  7 bats
  17 endoplasms
  18 giant cockroaches
  5 goblins
  14 hobgoblins
  7 jackals
  22 kobolds
  11 quokkas
  15 ball pythons
  12 frilled lizards
  4 rats
682 creatures vanquished.

Vanquished Creatures (collateral kills)
  2 centaurs (Lair:2)
  5 wights
  An orc priest (Orc:1)
  4 orcs
12 creatures vanquished.

Vanquished Creatures (others)
  A torpor snail (Lair:5)
  4 dancing weapons
  An orc warrior (Orc:2)
  An orc wizard (Orc:1)
  A white imp (IceCv)
  4 foxfires (Lair:3)
12 creatures vanquished.

Grand Total: 706 creatures vanquished

Notes
Turn   | Place    | Note
-------+----------+-------------------------------------------
     0 | D:1      | tilp the Vampire Enchanter began the quest for the Orb.
     0 | D:1      | Reached XP level 1. HP: 13/13 MP: 3/3
   111 | D:1      | Reached XP level 2. HP: 7/19 MP: 5/5
   169 | D:1      | Learned a level 2 spell: Ensorcelled Hibernation
   250 | D:1      | Found a faded altar of an unknown god.
   922 | D:2      | Gained mutation: You are afflicted with vampirism and can
                  | become a bat while bloodless. [Vampire growth]
   922 | D:2      | Reached XP level 3. HP: 24/25 MP: 1/6
  1088 | D:2      | Found an opulent altar of Gozag.
  1155 | D:2      | Reached skill level 1 in Fighting
  1269 | D:2      | Reached XP level 4. HP: 30/32 MP: 7/7
  1318 | D:2      | Learned a level 3 spell: Confusing Touch
  1385 | D:3      | Reached skill level 5 in Stealth
  1733 | D:3      | Noticed a water moccasin
  1737 | D:3      | Killed a water moccasin
  1738 | D:3      | Reached skill level 5 in Hexes
  1738 | D:3      | Reached XP level 5. HP: 37/37 MP: 3/8
  1742 | D:3      | Learned a level 3 spell: Tukima's Dance
  2812 | D:4      | Reached XP level 6. HP: 38/44 MP: 2/10
  2893 | D:4      | Noticed Blork the orc
  2927 | D:4      | Killed Blork the orc
  2953 | D:4      | Reached skill level 6 in Stealth
  3033 | D:4      | Found a glowing drain.
  3037 | Sewer    | Entered a sewer
  3434 | Sewer    | Reached skill level 1 in Evocations
  3670 | Sewer    | Reached XP level 7. HP: 29/50 MP: 6/11
  3876 | D:4      | Learned a level 3 spell: Dazzling Flash
  4610 | D:4      | Found a sparkling altar of Nemelex Xobeh.
  4894 | D:5      | Entered Level 5 of the Dungeon
  5149 | D:5      | Reached skill level 5 in Short Blades
  5235 | D:5      | Identified the +0 trident "Aguim" {elec, rF+ Str+5 Int-3}
  5736 | D:5      | Noticed Sigmund
  5743 | D:5      | Killed Sigmund
  5744 | D:5      | Reached skill level 7 in Stealth
  5744 | D:5      | Reached XP level 8. HP: 57/57 MP: 10/13
  5987 | D:6      | Found Kazul's Jewellery Boutique.
  6369 | D:6      | Identified the +3 ring mail of Exkaob {rPois Str+3 Int+3
                  | Stlth+}
  6383 | D:6      | Noticed Edmund
  6393 | D:6      | Killed Edmund
  6515 | D:6      | Reached skill level 8 in Stealth
  6925 | D:6      | Noticed Maggie
  6954 | D:6      | Killed Maggie
  6955 | D:6      | Reached XP level 9. HP: 65/65 MP: 9/15
  7517 | D:7      | Noticed Menkaure
  7525 | D:7      | Killed Menkaure
  7555 | D:7      | Found a basalt altar of Yredelemnul.
  7573 | D:7      | Reached skill level 9 in Stealth
  7659 | D:7      | Found a staircase to the Ecumenical Temple.
  7693 | Temple   | Found a transporter.
  7693 | Temple   | Found a transporter.
  7693 | Temple   | Found a transporter.
  7693 | Temple   | Found a transporter.
  7693 | Temple   | Entered the Ecumenical Temple
  7729 | Temple   | Became a worshipper of the Wu Jian Council
  7955 | D:7      | Reached skill level 5 in Spellcasting
  8313 | D:7      | Found a runed translucent door.
  8314 | D:7      | Noticed Crazy Yiuf
  8321 | D:7      | Killed Crazy Yiuf
  8568 | D:8      | Noticed Prince Ribbit
  8574 | D:8      | Killed Prince Ribbit
  8764 | D:8      | Found a flagged portal.
  8772 | Bailey   | Entered a bailey
  8796 | Bailey   | Reached skill level 5 in Fighting
  8796 | Bailey   | Reached skill level 10 in Stealth
  8929 | Bailey   | Noticed an orc knight
  8977 | Bailey   | Killed an orc knight
  8978 | Bailey   | Reached XP level 10. HP: 74/74 MP: 5/17
  9102 | Bailey   | Found a large runed translucent door.
  9102 | Bailey   | Found a large runed translucent door.
  9103 | Bailey   | Noticed a deep elf pyromancer
  9184 | Bailey   | Killed a deep elf pyromancer
  9185 | Bailey   | Reached skill level 10 in Short Blades
  9192 | Bailey   | Identified the ring "Taxkiuk" {*Slow rElec rPois Int+4
                  | Dex+3}
  9204 | Bailey   | Identified the +1 pair of boots "Zalemapn" {Dex+2}
  9547 | D:8      | Found a blossoming altar of Fedhas.
  9556 | D:8      | Found a shimmering altar of Xom.
  9967 | D:9      | Reached * piety under Wu Jian
 10174 | D:9      | Learned a level 4 spell: Anguish
 10247 | D:9      | Reached skill level 1 in Conjurations
 10316 | D:9      | Found a staircase to the Lair.
 10597 | D:10     | Entered Level 10 of the Dungeon
 10613 | D:10     | Reached skill level 1 in Ice Magic
 10639 | D:10     | Reached skill level 1 in Armour
 10655 | D:10     | Reached skill level 1 in Necromancy
 10882 | D:10     | Noticed Joseph
 10911 | D:10     | Killed Joseph
 10980 | D:10     | Reached ** piety under Wu Jian
 11121 | D:10     | Noticed Maurice
 11127 | D:10     | Killed Maurice
 11299 | D:10     | Reached XP level 11. HP: 83/83 MP: 19/19
 11302 | D:10     | Noticed Sonja
 11329 | D:10     | Killed Sonja
 11332 | D:10     | Reached skill level 5 in Dodging
 11711 | D:10     | Found a staircase to the Orcish Mines.
 11741 | D:10     | Reached skill level 11 in Stealth
 12578 | D:11     | Noticed a two-headed ogre
 12580 | D:11     | Killed a two-headed ogre
 13327 | D:11     | Reached *** piety under Wu Jian
 13603 | D:11     | Found a runed translucent gate.
 13603 | D:11     | Found a runed translucent gate.
 13604 | D:11     | Found a runed translucent gate.
 13614 | D:11     | Noticed Flugkiller's ghost (journeyman DsSh)
 14186 | Lair:1   | Entered Level 1 of the Lair of Beasts
 14212 | Lair:1   | Reached skill level 10 in Hexes
 14216 | Lair:1   | Reached XP level 12. HP: 89/93 MP: 14/21
 14256 | Lair:1   | Reached skill level 12 in Stealth
 14306 | Lair:1   | Found a dark tunnel.
 14405 | Volcano  | Entered a volcano
 14406 | Volcano  | Upgraded the game from 0.31-a0-431-g88bdf31460 to
                  | 0.31-a0-435-g2c6fae2916
 14483 | Volcano  | Reached **** piety under Wu Jian
 14792 | Volcano  | Noticed a fire dragon
 14798 | Volcano  | Killed a fire dragon
 14799 | Volcano  | Reached skill level 10 in Fighting
 15406 | Lair:2   | Noticed a five-headed hydra
 16012 | Lair:2   | Killed a five-headed hydra
 16029 | Lair:2   | Found a shadowy altar of Dithmenos.
 16262 | Lair:2   | Reached XP level 13. HP: 104/104 MP: 21/24
 17174 | Lair:2   | Reached ***** piety under Wu Jian
 17489 | Lair:3   | Reached skill level 13 in Stealth
 17489 | Lair:3   | Reached skill level 5 in Evocations
 17670 | Lair:3   | Reached skill level 5 in Armour
 17732 | Lair:3   | Found a hole to the Spider Nest.
 17909 | Lair:3   | Found a staircase to the Swamp.
 18780 | Lair:4   | Found a staircase to the Slime Pits.
 19425 | Lair:4   | Noticed a dire elephant
 19446 | Lair:4   | Found a runed translucent door.
 19603 | Lair:5   | Entered Level 5 of the Lair of Beasts
 20258 | Lair:5   | Reached XP level 14. HP: 99/114 MP: 9/26
 20262 | Lair:5   | Reached skill level 14 in Stealth
 20493 | Lair:5   | Identified a scroll of acquirement
 22129 | Lair:5   | Reached ****** piety under Wu Jian
 22695 | Lair:5   | Reached skill level 15 in Stealth
 22981 | Lair:5   | Identified the +2 leather armour of Ixku Miy {rPois}
 23407 | D:11     | Killed Flugkiller's ghost
 23591 | Orc:1    | Entered Level 1 of the Orcish Mines
 24315 | Orc:2    | Entered Level 2 of the Orcish Mines
 24358 | Orc:2    | Reached skill level 10 in Dodging
 24563 | Orc:2    | Found a frozen archway.
 24584 | IceCv    | Entered an ice cave
 25572 | IceCv    | Found an ancient bone altar of Kikubaaqudgha.
 25671 | IceCv    | Reached XP level 15. HP: 112/120 MP: 28/28
 27023 | IceCv    | Engulfed by a cloud of freezing vapour

Illustrated notes

Levels and vault maps discovered:
D:1:      amcnicky_arrival_flooded_fountain, layout_basic,
          shapermc_ecumenical_altar_starsandcircs, minmay_worlds_worst_comb
D:2:      layout_basic, basic_altar
D:3:      layout_basic, kennysheep_potato
D:4:      layout_layer_cave, kennysheep_mini, gup_sewer_entry_bowl,
          uniq_blork_the_orc
D:5:      layout_basic, kennysheep_generic_room_6, uniq_sigmund
D:6:      layout_cave_pods, minmay_shop_enchanted_jewellery,
          kennysheep_minor_cross, uniq_maggie, uniq_edmund
D:7:      layout_loops_ring, overflow_temple_1_default,
          mainiacjoe_overflow_alcove_1, minmay_temple_entry_sparse_star,
          uniq_crazy_yiuf_cottage, uniq_menkaure
D:8:      layout_loops_ring, mainiacjoe_overflow_swirl, enter_bailey_2,
          fountainhead, sigmund_army, uniq_prince_ribbit1
D:9:      layout_big_octagon, lair_entry_dummy, worms_lemuel
D:10:     layout_layer_cave, orc_0_dummy, uniq_joseph, uniq_maurice, uniq_sonja
D:11:     lemuel_reptile_caves, layout_loops_ring, gammafunk_ghost_spectres
Temple:   hellmonk_temple_divided_pantheon
Lair:1:   layout_regular_city, enter_volcano_2, grunt_megastairs_1
Lair:2:   layout_regular_city, lemuel_centaur_altar
Lair:3:   layout_gridlike, minmay_swamp_entry_wisps, spider_nest_entry_rubble,
          lemuel_fruit_fields
Lair:4:   gammafunk_lair_enchanted_lake, layout_cave_pods, slime_entry_1,
          nzn_sisyphean_effort
Lair:5:   hangedman_lair_caniforms_friends, layout_regular_city,
          hangedman_lair_in_review
Orc:1:    layout_diamond_mine
Orc:2:    st_orc_ogre_mass, layout_caves, portal_ice_cave_entry_pillars_2
IceCv:    ice_cave_small_necro

Skill      XL: |  1  2  3  4  5  6  7  8  9 10 11 12 13 14 |
---------------+-------------------------------------------+-----
Short Blades   | 2 3 4 5 7 9 10 | 10.0
Fighting       | 1 2 4 5 6 8 10 11 12 | 12.1
Stealth        | 5 6 7 8 10 11 12 13 15 | 15.1
Dodging        | 3 4 6 7 10 | 10.1
Hexes          | 5 6 7 8 10 11 12 | 12.3
Spellcasting   | 3 4 5 6 7 8 9 |  9.0
Evocations     | 1 2 4 5 8 |  8.1
Conjurations   | 2 |  2.2
Ice Magic      | 2 |  2.4
Armour         | 1 3 4 5 7 |  7.1
Necromancy     | 1 4 |  4.1
Shields        | |  0.5

Action                     |  1- 3 |  4- 6 |  7- 9 | 10-12 | 13-15 || total
---------------------------+-------+-------+-------+-------+-------++-------
  Melee: Dagger            |    97 |   263 |   198 |   400 |  1148 ||  2106
         Bite              |     7 |    23 |    26 |    46 |   175 ||   277
         Punch             |     1 |     3 |     2 |     4 |       ||    10
  Throw: Boomerang         |     3 |     1 |       |       |       ||     4
         Dart              |       |     3 |       |     1 |     3 ||     7
   Cast: Ensorcelled Hiber |    15 |    52 |    72 |   169 |   257 ||   565
         Confusing Touch   |       |     3 |     7 |     4 |    94 ||   108
         Tukima's Dance    |       |     1 |     8 |     3 |    12 ||    24
         Dazzling Flash    |       |       |     2 |     9 |    58 ||    69
 Invoke: Serpent's Lash    |       |       |       |       |     1 ||     1
Ability: Lunge             |       |       |     8 |    41 |    84 ||   133
         Whirlwind         |       |       |       |    15 |    69 ||    84
  Evoke: Wand              |       |     3 |       |     1 |     5 ||     9
         Phantom mirror    |       |       |       |     1 |     2 ||     3
    Use: Scroll            |     3 |     2 |     6 |    12 |     6 ||    29
         Potion            |     1 |     2 |       |     2 |       ||     5
   Stab: Sleeping          |    17 |    40 |    61 |   138 |   168 ||   424
         Invisible         |       |     2 |     1 |    17 |    57 ||    77
         Confused          |       |       |     5 |     3 |    78 ||    86
         Distracted        |       |       |       |       |     2 ||     2
         Petrifying        |       |       |       |       |     3 ||     3
 Armour: Robe              |    16 |    29 |    16 |       |    25 ||    86
         Ring mail         |       |       |    36 |   110 |   246 ||   392
         Steam dragon scal |       |       |       |    15 |       ||    15
  Dodge: Dodged            |    80 |   289 |   146 |   215 |   842 ||  1572
  Block: Buckler           |       |       |       |    37 |   174 ||   211

Table legend: (Time is in decaauts)
 A = Elapsed time spent in this place.
 B = Non-inter-level travel time spent in this place.
 C = Inter-level travel time spent in this place.
 D = Time resting spent in this place.
 E = Time spent auto-exploring this place.
 F = Levels seen in this place.
 G = Mean time per level.
                   A        B        C        D        E       F      G
               +--------+--------+--------+--------+--------+-----+--------+
         Total |  26598 |  25513 |   1085 |   5445 |  13800 |  23 | 1156.4 |
       Dungeon |  12978 |  12346 |    632 |   1598 |   8483 |  11 | 1179.8 |
        Temple |     62 |     47 |     15 |      0 |     21 |   1 |   62.0 |
          Lair |   8458 |   8081 |    377 |   1778 |   4461 |   5 | 1691.6 |
  Orcish Mines |    928 |    868 |     60 |     94 |    441 |   2 |  464.0 |
         Sewer |    886 |    886 |      0 |    293 |    228 |   1 |  886.0 |
        Bailey |    467 |    467 |      0 |    155 |     56 |   1 |  467.0 |
      Ice Cave |   2331 |   2331 |      0 |   1340 |    106 |   1 | 2331.0 |
       Volcano |    485 |    485 |      0 |    187 |      3 |   1 |  485.0 |
               +--------+--------+--------+--------+--------+-----+--------+

Top non-repeatable levels by time:
  Lair:5: 3394 daAuts
   IceCv: 2331 daAuts
    D:10: 1856 daAuts
    D:11: 1813 daAuts
  Lair:2: 1546 daAuts
  Lair:4: 1419 daAuts
     D:6: 1385 daAuts
     D:3: 1376 daAuts
     D:4: 1284 daAuts
  Lair:1: 1217 daAuts
     D:7: 1106 daAuts
     D:5: 1087 daAuts
     D:8: 937 daAuts
   Sewer: 886 daAuts
  Lair:3: 880 daAuts
